 Dungeon Sprint DCSS version 0.27-a0-668-gb5737ff2c0 (webtiles) character file.

Game seed: 3022189585729454728

287 HendSelp the Blocker (level 6, -1/70 HPs)
             Began as a Human Fighter on Mar 17, 2021.
             Was an Initiate of Zin.
             Slain by a ghost moth (4 damage)
             ... in the Dungeon (Sprint VII: "The Pits").
             The game lasted 00:02:49 (752 turns).

HendSelp the Blocker (Human Fighter)                 Turns: 752, Time: 00:02:51

Health: -1/70      AC: 16    Str: 14 (18) XL:     6   Next: 56%
Magic:  0/6        EV:  5    Int:  7 (9)  God:    Zin [......]
Gold:   0          SH:  0    Dex: 10 (12) Spells: 5/5 levels left

rFire    . . .     SeeInvis .   n - +2 long sword (holy)
rCold    . . .     Faith    .   (no shield)
rNeg     . . .     Spirit   .   o - +2 plate armour
rPois    .         Reflect  .   (no helmet)
rElec    .         Harm     .   (no cloak)
rCorr    .         Rampage  .   (no gloves)
Will     .....     NoTele   +   (no boots)
Stlth    ..........             (no amulet)
HPRegen  0.21/turn              (no ring)
MPRegen  0.10/turn              (no ring)

@: berserking, very quick
A: no striking features
a: Renounce Religion, Donate Gold


You were in the Dungeon.
You worshipped Zin.
Zin was noncommittal.
You visited 1 branch

Inventory:

Hand Weapons
 n - a +2 long sword of holy wrath (weapon)
Armour
 c - a +0 kite shield
 o - a +2 plate armour (worn)
Scrolls
 j - a scroll of blinking
 l - 5 scrolls of amnesia
Potions
 d - a potion of might
 e - 4 potions of curing
 g - a potion of haste
 h - 4 potions of magic
 i - 2 potions of berserk rage
 k - 2 potions of invisibility


   Skills:
 - Level 3.0 Fighting
 - Level 2.0 Long Blades
 * Level 9.2 Armour
 * Level 9.8 Shields


You had 5 spell levels left.
You didn't know any spells.
Your spell library was empty.

Dungeon Overview and Level Annotations

Branches:
Dungeon (1/1)

Altars:
Ashenzari
Cheibriados
Dithmenos
Elyvilon
Fedhas
Gozag
Hepliaklqana
Kikubaaqudgha
Makhleb
Nemelex Xobeh
Okawaru
Qazlal
Ru
Sif Muna
Trog
Uskayaw
Vehumet
Wu Jian
Xom
Yredelemnul
Zin
The Shining One
Beogh
Jiyva
Lugonu

Annotations:
D Prince Ribbit


Message History

You feel you are being watched by something.
Something hits you but does no damage. x2; Something stings you!
* * * LOW HITPOINT WARNING * * *
Unknown command.
You feel much better.
You feel you are being watched by something.
Something hits you but does no damage. Something hits you.
Something stings you but does no damage.
You miss something.
You feel you are being watched by something.
Something hits you but does no damage. Something hits you.
Something stings you but does no damage.
You feel you are being watched by something.
Something hits you. Something hits you!
* * * LOW HITPOINT WARNING * * *
Something stings you but does no damage.
You feel better.
You feel you are being watched by something.
Something hits you. Something hits you but does no damage.
Something stings you but does no damage.
A red film seems to cover your vision as you go berserk!
You feel yourself moving faster!
You feel mighty! Something hits you!
* * * LOW HITPOINT WARNING * * *
You feel dopey. Something hits you but does no damage.
Something stings you but does no damage.
You barely miss something.
You feel you are being watched by something.
You feel your power leaking away. Something hits you.
* * * LOW HITPOINT WARNING * * *
You feel weakened. Something hits you!
* * * LOW HITPOINT WARNING * * *
Something stings you but does no damage.
You closely miss something. Something hits you but does no damage.
Something hits you.
* * * LOW HITPOINT WARNING * * *
Something stings you.
You die...

#.#........##.......#
#'###########.......#
#)......# #########
#.###...# #.#.....#
#.#...#.#+#
#.....#.#.+
#...###.#{#
#.......'@#
###########


There were no monsters in sight!

Vanquished Creatures
  A floating eye (D)
  A necrophage (D)
  A hound (D)
  2 worker ants (D)
  An adder (D)
  An adder skeleton (D)
  A leopard gecko (D)
  A hobgoblin (D)
  6 jackals (D)
  A ball python (D)
  A bat (D)
  2 frilled lizards (D)
19 creatures vanquished.

Notes
Turn   | Place    | Note
-------+----------+-------------------------------------------
     0 | D        | HendSelp the Human Fighter began the quest for the Orb.
     0 | D        | Reached XP level 1. HP: 18/18 MP: 1/1
    21 | D        | Found a bloodstained altar of Trog.
    21 | D        | Found a shimmering blue altar of Sif Muna.
    21 | D        | Found a viscous altar of Jiyva.
    21 | D        | Found a hazy altar of Hepliaklqana.
    21 | D        | Found an opulent altar of Gozag.
    46 | D        | Found a glowing golden altar of the Shining One.
    46 | D        | Found a glowing silver altar of Zin.
    46 | D        | Found a basalt altar of Yredelemnul.
    46 | D        | Found a shimmering altar of Xom.
    46 | D        | Found an ornate altar of the Wu Jian Council.
    46 | D        | Found a sacrificial altar of Ru.
    46 | D        | Found a stormy altar of Qazlal.
    46 | D        | Found an iron altar of Okawaru.
    46 | D        | Found a sparkling altar of Nemelex Xobeh.
    46 | D        | Found a burning altar of Makhleb.
    46 | D        | Found a blossoming altar of Fedhas.
    46 | D        | Found a white marble altar of Elyvilon.
    46 | D        | Found a shadowy altar of Dithmenos.
    46 | D        | Found a snail-covered altar of Cheibriados.
    48 | D        | Found a radiant altar of Vehumet.
    48 | D        | Found a corrupted altar of Lugonu.
    49 | D        | Found a hide-covered altar of Uskayaw.
    49 | D        | Found an ancient bone altar of Kikubaaqudgha.
    49 | D        | Found a broken altar of Ashenzari.
    52 | D        | Became a worshipper of Zin the Law-Giver
   163 | D        | Reached XP level 2. HP: 23/24 MP: 2/2
   173 | D        | Noticed a necrophage
   185 | D        | Killed a necrophage
   186 | D        | Reached XP level 3. HP: 22/29 MP: 3/3
   186 | D        | Reached XP level 4. HP: 26/35 MP: 4/4
   189 | D        | Reached XP level 5. HP: 28/41 MP: 5/5
   498 | D        | Noticed Prince Ribbit
   512 | D        | Noticed a floating eye
   515 | D        | Paralysed by a floating eye for 4 turns
   522 | D        | Killed a floating eye
   523 | D        | Reached XP level 6. HP: 38/47 MP: 6/6
   752 | D        | HP: 3/70 [something (2)]
   752 | D        | Slain by a ghost moth

Illustrated notes

Levels and vault maps discovered:
D:        pitsprint [storerooms_1, entrance_room_1, metal_vault_1, armoury_2,
          mini_pit_1, grid_room_1, main_hall_1, silver_pit, the_coven_3,
          the_vestibule_1, steel_vault_3, golden_pit, hallway_of_sentries,
          crystal_vault_5, iron_vault_5, final_vault]

Skill      XL: |  1  2  3  4  5  6 |
---------------+-------------------+-----
Shields        | 4 7 9 |  9.8
Armour         | 6 8 9 |  9.2
Fighting       | |  3.0
Long Blades    | |  2.0

Action                   |  1- 3 |  4- 6 || total
-------------------------+-------+-------++-------
Melee: Long sword        |    30 |    69 ||    99
  Use: Potion            |       |     9 ||     9
       Scroll            |       |     1 ||     1
Armor: Scale mail        |    18 |     8 ||    26
       Plate armour      |       |    78 ||    78
Dodge: Dodged            |    14 |    16 ||    30
Block: Kite shield       |    23 |    11 ||    34
       Rpst.: Long sword |     3 |     7 ||    10

Table legend: (Time is in decaauts)
 A = Elapsed time spent in this place.
 B = Non-inter-level travel time spent in this place.
 C = Inter-level travel time spent in this place.
 D = Time resting spent in this place.
 E = Time spent auto-exploring this place.
 F = Levels seen in this place.
 G = Mean time per level.
                   A        B        C        D        E       F      G
               +--------+--------+--------+--------+--------+-----+--------+
         Total |    790 |    742 |     48 |    385 |      0 |   1 |  790.0 |
       Dungeon |    790 |    742 |     48 |    385 |      0 |   1 |  790.0 |
               +--------+--------+--------+--------+--------+-----+--------+

Top non-repeatable levels by time:
       D: 790 daAuts
